AoeStats
← K

Fortress

509945207Analyzed
4v4 RM · 4d ago on Sep 28, 2026· 48m 1s· 8 players
Game mode
Random Map
Map size
Huge
Population
200
Speed
Normal
Resources
Standard
Victory
Conquest
Starting age
Dark Age
Ending age
Imperial Age
RankedLock teamsTeams togetherTeam positionsShared explorationLock speedFull tech treeHidden civsTurbo modeCheats
Victory
Defeat
🇨🇭 Mongols · Switzerland
1120
+14
🇦🇷 Danes · Argentina
1115
+15
🇺🇸 Bohemians · United States
1072
+16
🇷🇴 Goths · Romania
1067
+18
🇮🇳 Chinese · India
1108
-17
🇬🇷 Magyars · Greece
1083
-16
🇬🇧 Huns · United Kingdom
1078
-15
🇪🇸 Saxons · Spain
1059
-15
Strike90
2:11 Loom
7:00 Feudal Age
11:12 Castle Age
11:40 Double-Bit Axe
12:15 Clerical Recruitment
15:59 Wheelbarrow
16:56 Horse Collar
20:07 Stone Mining
21:01 Heavy Plow
24:12 Hand Cart
25:00 Forging
24:51 Scale Mail Armor
25:57 Gold Mining
27:53 Iron Casting
27:34 Chain Mail Armor
27:13 Fletching
30:41 Imperial Age
30:19 Town Watch
30:32 Bodkin Arrow
31:06 Shield Wall
31:14 Elite Hearth Troop
33:19 Crop Rotation
33:17 Bow Saw
33:26 Town Patrol
34:35 Plate Mail Armor
35:36 Two-Man Saw
36:06 Onager
36:59 Arson
37:14 Squires
38:27 Heavy Scorpion
40:10 Elite Varangian Guard
40:38 Gambesons
42:05 Bracer
42:05 Padded Archer Armor
42:56 Ballistics
42:32 Murder Holes
43:38 Chemistry
42:54 Elite Skirmisher
M@nte
6:23 Feudal Age
6:27 Loom
6:53 Double-Bit Axe
14:45 Castle Age
13:06 Horse Collar
13:22 Gold Mining
13:47 Stone Mining
15:49 Bow Saw
16:05 Heavy Plow
16:35 Town Watch
22:13 Gold Shaft Mining
27:18 Imperial Age
26:29 Scale Barding Armor
28:13 Wheelbarrow
29:02 Husbandry
29:29 Conscription
28:59 Cavalier
30:28 Corvinian Army
31:03 Hand Cart
30:51 Town Patrol
31:16 Chain Barding Armor
31:03 Husbandry
31:47 Parthian Tactics
32:06 Fletching
32:59 Bloodlines
33:56 Bodkin Arrow
35:30 Chemistry
34:25 Murder Holes
36:20 Thumb Ring
37:01 Elite Magyar Huszar
41:02 Masonry
42:30 Treadmill Crane
K
6:41 Feudal Age
11:43 Castle Age
13:24 Double-Bit Axe
16:20 Horse Collar
17:13 Gold Mining
18:59 Gold Shaft Mining
21:52 Bow Saw
24:53 Imperial Age
22:09 Loom
23:49 Wheelbarrow
23:31 Forging
23:26 Scale Barding Armor
25:17 Iron Casting
25:26 Chain Barding Armor
25:08 Husbandry
25:19 Bloodlines
25:50 Marauders
25:44 Elite Tarkan
26:48 Conscription
27:52 Blast Furnace
30:19 Plate Barding Armor
30:46 Fletching
32:17 Parthian Tactics
32:00 Padded Archer Armor
31:56 Bodkin Arrow
32:22 Heavy Cavalry Archer
33:25 Leather Archer Armor
34:31 Two-Man Saw
33:34 Heavy Plow
34:25 Bracer
35:16 Scale Mail Armor
36:21 Chemistry
39:24 Thumb Ring
38:43 Light Cavalry
39:17 Hussar
AztecKiller2427
0:30 Loom
9:03 Feudal Age
9:49 Double-Bit Axe
9:52 Horse Collar
12:40 Castle Age
13:44 Heavy Plow
13:57 Bow Saw
14:09 Fletching
14:19 Padded Archer Armor
19:53 Wheelbarrow
21:04 Hand Cart
26:10 Imperial Age
23:37 Elite Skirmisher
26:17 Bodkin Arrow
26:37 Leather Archer Armor
26:25 Gold Mining
26:12 Capped Ram
27:29 Ballistics
28:09 Chemistry
27:06 Crossbowman
27:51 Thumb Ring
27:56 Arbalester
29:20 Conscription
29:16 Siege Ram
30:24 Bracer
30:18 Heavy Scorpion
34:12 Ring Archer Armor
33:34 Light Cavalry
34:15 Husbandry
34:27 Bloodlines
34:23 Scale Barding Armor
35:00 Elite Chu Ko Nu
38:40 Cavalier
dark_alex
7:28 Feudal Age
11:25 Castle Age
10:02 Double-Bit Axe
12:19 Loom
12:35 Horse Collar
14:03 Bow Saw
16:49 Wheelbarrow
18:07 Town Watch
18:42 Scale Mail Armor
19:28 Heavy Plow
20:16 Gold Mining
20:54 Squires
20:29 Pikeman
21:11 Stone Mining
22:15 Forging
22:45 Hand Cart
27:45 Imperial Age
25:58 Chain Mail Armor
25:54 Forging
26:49 Anarchy
26:29 Man-at-Arms
28:25 Iron Casting
28:06 Halberdier
29:41 Conscription
31:56 Long Swordsman
33:22 Perfusion
33:54 Two-Handed Swordsman
35:55 Fletching
37:15 Blast Furnace
37:14 Fletching
37:40 Padded Archer Armor
39:05 Elite Huskarl
40:08 Champion
41:01 Caravan
41:38 Bodkin Arrow
41:21 Capped Ram
43:59 Bracer
47:47 Leather Archer Armor
frickman
7:34 Feudal Age
11:44 Castle Age
9:32 Double-Bit Axe
9:41 Horse Collar
13:56 Wheelbarrow
14:16 Bow Saw
15:13 Heavy Plow
18:50 Hand Cart
18:24 Loom
19:43 Gold Mining
21:22 Fletching
21:33 Padded Archer Armor
23:51 Bodkin Arrow
24:32 Bloodlines
24:22 Husbandry
25:47 Gold Shaft Mining
25:03 Stone Mining
25:38 Leather Archer Armor
29:07 Imperial Age
26:27 Light Cavalry
30:06 Forging
29:59 Bracer
30:05 Scale Barding Armor
30:22 Ballistics
31:03 Chemistry
30:09 Siege Engineers
30:14 Masonry
30:32 Conscription
30:52 Hoardings
31:48 Iron Casting
31:38 Drill
30:54 Hussar
34:38 Chain Barding Armor
35:23 Blast Furnace
34:54 Elite Mangudai
36:44 Onager
Bambuchagt
9:24 Feudal Age
13:04 Castle Age
13:05 Wheelbarrow
15:56 Double-Bit Axe
20:05 Bow Saw
19:46 Horse Collar
21:44 Loom
22:16 Hand Cart
25:00 Heavy Plow
28:29 Imperial Age
25:46 Town Watch
27:27 Fletching
29:20 Chemistry
30:02 Fortified Wall
30:35 Houfnice
32:38 Elite Skirmisher
33:56 Conscription
36:40 Wagenburg Tactics
37:15 Murder Holes
44:38 Siege Engineers
44:54 Ballistics
47:24 Caravan
47:55 Coinage
47:35 Guilds
Sex Machine 24cm
4:40 Loom
6:55 Feudal Age
11:35 Castle Age
10:00 Double-Bit Axe
10:04 Horse Collar
14:02 Bow Saw
20:53 Scale Mail Armor
24:46 Wheelbarrow
26:20 Hamask
27:25 Chain Mail Armor
27:17 Gold Mining
28:22 Forging
28:11 Arson
28:30 Squires
29:24 Pikeman
31:51 Gold Shaft Mining
34:28 Imperial Age
34:35 Capped Ram
35:49 Conscription
36:01 Hand Cart
35:32 Town Watch
35:55 Heavy Plow
39:47 Plate Mail Armor
39:58 Iron Casting
39:11 Elite Jomsviking
39:29 Northmen's Fury
40:52 Siege Engineers
40:42 Siege Ram
43:47 Hoardings
44:16 Chemistry
43:37 Ballistics
43:27 Masonry
44:19 Blast Furnace
43:11 Fletching
43:21 Padded Archer Armor
43:26 Scale Barding Armor
Connection lost

Rejoining the realm…

Still unreachable

The connection could not be restored.

Session expired

The server has moved on; the page needs a fresh start.